 Dungeon Crawl Stone Soup version 0.23.1 (webtiles) character file.

Game seed: 14581905874064370820

23 Borgoz the Sneak (level 2, 0/16 HPs)
             Began as a Gargoyle Enchanter on Mar 9, 2019.
             Killed from afar by Sigmund (10 damage)
             ... with a puff of flame
             ... on level 2 of the Dungeon.
             The game lasted 00:01:02 (923 turns).

Borgoz the Sneak (Gargoyle Enchanter)                Turns: 923, Time: 00:01:03

Health: 0/16       AC:  4    Str: 11    XL:     2   Next: 95%
Magic:  3/5        EV: 12    Int: 15    God:
Gold:   39         SH:  0    Dex: 10    Spells: 4/5 levels left

rFire    . . .     SeeInvis .   a - +1 dagger
rCold    . . .     Gourm    .   (no shield)
rNeg     + . .     Faith    .   b - +0 robe
rPois    ∞         Spirit   .   (no helmet)
rElec    +         Reflect  .   (no cloak)
rCorr    .         Harm     .   (no gloves)
MR       .....                  (no boots)
Stlth    ++........             (no amulet)
HPRegen  0.05/turn              (no ring)
MPRegen  0.09/turn              (no ring)

@: no status effects
A: negative energy resistance 1, electricity resistance, unbreathing,
petrification resistance, rot immunity, AC +2
a: no special abilities


You were on level 2 of the Dungeon.
You were not hungry.

You visited 1 branch of the dungeon, and saw 2 of its levels.

You collected 39 gold pieces.

Inventory:

Hand Weapons
 a - a +1 dagger (weapon)
Missiles
 f - 6 tomahawks (quivered)
Armour
 b - a +0 robe (worn)
Scrolls
 g - a scroll of remove curse {unknown}
 i - a scroll of random uselessness {unknown}
 j - 2 scrolls of identify {unknown}
Potions
 c - 2 potions of haste {unknown}
 e - a potion of cancellation {unknown}
Comestibles
 d - 5 rations
 h - 2 chunks of flesh


   Skills:
 + Level 0.5 Fighting
 * Level 1.5 Short Blades
 + Level 0.5 Armour
 * Level 2.0 Dodging
 + Level 3.5 Stealth
 - Level 2.0 Spellcasting
 - Level 2.6 Hexes


You had 4 spell levels left.
You knew the following spells:

 Your Spells              Type           Power        Failure   Level  Hunger
a - Corona                Hex            #......      8%          1    #......

Your spell library contained the following spells:

 Spells                   Type           Power        Failure   Level  Hunger
 Ensorcelled Hibernation  Hex/Ice        #.....       19%         2    ###....
 Confuse                  Hex            #.......     22%         3    ###....
 Tukima's Dance           Hex            #.......     22%         3    ###....
 Dazzling Spray           Conj/Hex       #.....       36%         3    ###....


Dungeon Overview and Level Annotations

Branches:
Dungeon (2/15)

Altars:

Annotations:
D:2 Sigmund


Innate Abilities, Weirdness & Mutations

You are resistant to torment.
Your stone body is resilient. (AC +2)
You are immune to poison.
You resist negative energy. (rN+)
You are resistant to electric shocks. (rElec)
You can survive without breathing.
You are immune to petrification.
You are immune to rotting.


Message History

Press: ? - help, Shift-Dir - straight line, f/p - Sigmund
Aim: Sigmund, wielding a +0 scythe and wearing a +2 robe of cold resistance (lightly wounded, chance to defeat MR: 52%) Sigmund struggles to resist.
Casting: Corona (safe; 8% risk of failure)
Confirm with . or Enter, or press ? or * to list all spells.
Aiming: Corona (safe; 8% risk of failure)
Press: ? - help, Shift-Dir - straight line, f/p - Sigmund
Aim: Sigmund, wielding a +0 scythe and wearing a +2 robe of cold resistance (lightly wounded, chance to defeat MR: 52%) Sigmund is outlined in light.
Sigmund barely misses you.
You hit Sigmund but do no damage.
Sigmund is lightly wounded.
Sigmund closely misses you.
You hit Sigmund but do no damage.
Sigmund is lightly wounded.
You closely miss Sigmund.
Sigmund is lightly wounded.
Sigmund casts a spell at you. The puff of flame hits you!
Ouch! That really hurt!
You die...

#≈≈≈≈≈...##..##
.≈≈≈≈≈.........
#≈≈≈≈..........
##≈≈≈≈.........#
#≈≈≈≈≈.........#
##≈≈≈≈≈.........#
#.≈≈≈≈...@......#
#≈≈≈≈≈..)@......##. .# ##
###≈≈≈≈≈......(...... .##..
88≈≈≈≈≈88...#......# .#...
...................####.....
..............>....##.......
88≈≈≈≈≈88.....###.....#.....
#.≈≈≈≈.................)....
.≈≈≈≈≈..#.....#.......<.#
.≈≈≈≈≈###>..............###


You could see Sigmund.

Vanquished Creatures
  A ball python (D:1)
  2 bats (D:1)
  2 giant cockroaches (D:1)
  4 goblins
  3 hobgoblins
  2 jackals (D:2)
  A kobold (D:2)
  4 rats
19 creatures vanquished.

Notes
Turn   | Place    | Note
-------+----------+-------------------------------------------
     0 | D:1      | Borgoz the Gargoyle Enchanter began the quest for the Orb.
     0 | D:1      | Reached XP level 1. HP: 10/10 MP: 3/3
    75 | D:1      | Reached skill level 1 in Short Blades
   297 | D:1      | Reached XP level 2. HP: 14/15 MP: 5/5
   905 | D:2      | Noticed Sigmund
   923 | D:2      | Killed from afar by Sigmund

Skill      XL: |  1  2 |
---------------+-------+-----
Short Blades   | 1 |  1.5
Dodging        | 2 |  2.0
Fighting       | |  0.5
Armour         | |  0.5
Stealth        | |  3.5
Spellcasting   | |  2.0
Hexes          | |  2.6

Action                   || total
-------------------------++-------
Melee: Dagger            ||    70
 Cast: Corona            ||     3
 Stab: Sleeping          ||     3
Armor: Robe              ||    21
Dodge: Dodged            ||    44
